[Event "Team 45 45 League T74"]
[Site "Internet Chess Club"]
[Date "2017.09.15"]
[Round "1"]
[White "Demachaeron"]
[Black "Insan996"]
[Result "1-0"]
[WhiteElo "1669"]
[BlackElo "1620"]
[Opening "Queen's Indian: 4.Nc3"]
[ECO "E12"]
[Time "21:01:16"]
[TimeControl "2700+45"]

1. d4 Nf6 2. c4 e6 3. Nf3 b6 4. Nc3 Bb4 5. Qc2 Bb7 6. Bg5 h6 7. Bh4 g5 8. Bg3
Ne4 9. e3 d6 10. Bd3 f5 11. Rc1 h5 12. Qa4+ Nc6 13. Bxe4 Bxc3+ 14. Rxc3 fxe4 15.
Nd2 h4 16. Bxh4 gxh4 17. d5 Qd7 18. Nxe4 O-O 19. dxc6 Bxc6 20. Qc2 Qh7 21. Ng5
Qh6 22. f4 e5 23. O-O exf4 24. exf4 Rae8 25. Qf2 Re7 26. Rh3 Qh5 27. Rxh4 Qe2
28. Nf3 Bxf3 29. Qg3+ Rg7 30. Qxf3 Qxb2 31. Qd5+ Rff7 32. Re1 Kf8 33. Qa8#
{Black checkmated} 1-0

[Event "Team 45 45 League T74"]
[Site "Internet Chess Club"]
[Date "2017.09.16"]
[Round "1"]
[White "nealbruce"]
[Black "UrsaMajor"]
[Result "1-0"]
[WhiteElo "1645"]
[BlackElo "1549"]
[Opening "Ruy Lopez: Berlin defense, 4.O-O, d6"]
[ECO "C66"]
[Time "07:05:21"]
[TimeControl "2700+45"]

1. e4 e5 2. Nf3 Nc6 3. Bb5 Nf6 4. O-O d6 5. Re1 Be7 6. c3 Bg4 7. h3 Bh5 8. d3 a6
9. Ba4 b5 10. Bb3 Na5 11. Bc2 c5 12. Nbd2 Nc6 13. Nf1 O-O 14. Ng3 Bg6 15. Nh4
Nxe4 16. Nxg6 Nxf2 17. Nxe7+ Qxe7 18. Kxf2 Qh4 19. Qg4 Qe7 20. Nf5 {Black
resigns} 1-0

[Event "Team 45 45 League T74"]
[Site "Internet Chess Club"]
[Date "2017.09.13"]
[Round "1"]
[White "justice02"]
[Black "Yedixon"]
[Result "1-0"]
[WhiteElo "1663"]
[BlackElo "1701"]
[Opening "Petrov three knights game"]
[ECO "C42"]
[Time "22:09:22"]
[TimeControl "2700+45"]

1. e4 e5 2. Nf3 Nf6 3. Nc3 Bb4 4. Bc4 O-O 5. O-O Bxc3 6. dxc3 d6 7. Qd3 Nbd7 8.
b4 Re8 9. Ng5 Re7 10. a4 h6 11. Nf3 Nb6 12. Bb3 a5 13. Be3 Be6 14. Bxb6 cxb6 15.
Rfd1 Bxb3 16. cxb3 Rd7 17. Rd2 d5 18. Qb5 dxe4 19. Rxd7 Qxd7 20. Nxe5 Qxb5 21.
axb5 Nd5 22. bxa5 Nxc3 23. Nc4 bxa5 24. Rxa5 Rd8 25. g3 Rd5 26. b6 Rd7 27. Rc5
Nd5 28. Kf1 Kf8 29. Ne5 Rd6 30. Rc7 Nxc7 31. bxc7 Rd1+ 32. Ke2 Rc1 33. Nc4
{Black resigns} 1-0

[Event "Team 45 45 League T74"]
[Site "Internet Chess Club"]
[Date "2017.09.16"]
[Round "1"]
[White "calsal"]
[Black "Grenadier"]
[Result "0-1"]
[WhiteElo "1672"]
[BlackElo "1604"]
[Opening "Caro-Kann: Tartakower (fantasy) variation"]
[ECO "B12"]
[Time "15:02:08"]
[TimeControl "2700+45"]

1. e4 c6 2. d4 d5 3. f3 e6 4. Be3 dxe4 5. Nd2 exf3 6. Ngxf3 Nf6 7. Nc4 Be7 8.
Bd3 Nbd7 9. Qe2 b5 10. Nce5 Bb7 11. O-O-O Qa5 12. Kb1 Nxe5 13. Nxe5 O-O 14. g4
c5 15. g5 Nd5 16. Bxh7+ Kxh7 17. Qh5+ Kg8 18. Nxf7 Rxf7 19. g6 Nf6 20. gxf7+ Kf8
21. Qg6 Be4 22. Qg3 Qa4 23. b3 Qa3 24. Rhg1 g6 25. Qf2 c4 26. Bg5 cxb3 27. axb3
Qxb3+ 28. Kc1 Ba3+ 29. Kd2 Qxc2+ 30. Ke1 Bb4+ 31. Bd2 Bxd2+ 32. Rxd2 Qc1+ 33.
Rd1 Qc3+ 34. Rd2 Qf3 35. Qxf3 Bxf3 36. Rf2 Be4 37. Rxf6 Bf5 38. h4 Ke7 39. Rfxg6
Bxg6 40. Rxg6 Kxf7 41. Rg5 Rb8 42. Kd2 b4 43. Kc2 a6 44. h5 Rd8 45. Ra5 Rxd4 46.
Rxa6 Rh4 47. Rb6 Rxh5 48. Rxb4 Rd5 49. Rb3 Kf6 50. Rd3 Rxd3 51. Kxd3 Kf5 {White
resigns} 0-1

[Event "Team 45 45 League T74"]
[Site "Internet Chess Club"]
[Date "2017.09.15"]
[Round "1"]
[White "bmw2002"]
[Black "Chess4Him"]
[Result "0-1"]
[WhiteElo "1516"]
[BlackElo "1591"]
[Opening "English opening"]
[ECO "A10"]
[Time "18:05:02"]
[TimeControl "2700+45"]

1. c4 g6 2. g3 Bg7 3. Bg2 e5 4. e4 Nc6 5. Nc3 d6 6. Nge2 Nge7 7. d3 f5 8. O-O
O-O 9. Nd5 Be6 10. Rb1 Qd7 11. b4 a6 12. a4 fxe4 13. dxe4 Rf7 14. Bg5 h6 15. Be3
Nc8 16. b5 N6e7 17. bxa6 b6 18. Qd2 Kh7 19. a5 Rxa6 20. axb6 cxb6 21. Rfc1 Nxd5
22. cxd5 Bg4 23. Nc3 Qd8 24. Bf1 Ra5 25. Nb5 Bf8 26. Qc3 Bd7 27. Qc7 Qxc7 28.
Rxc7 Kg7 29. Nc3 Ra3 30. Nb5 Ra4 31. Nc3 Ra3 32. Bxb6 Nxb6 33. Rxb6 Ra1 34. Rbb7
Be8 35. Rxf7+ Bxf7 36. Kg2 Kf6 37. Nb5 Be8 38. Nc7 Ba4 39. Ra7 Rc1 40. Ne6 Bc2
41. f3 Be7 42. Rb7 Ba4 43. Rc7 Rxc7 44. Nxc7 Bd8 45. Ne6 Bb6 46. f4 Bd7 47. Bc4
Be3 48. fxe5+ Kxe5 49. Kf3 Bg1 50. h4 Bb6 51. Nf8 Be8 52. g4 Bd8 53. Ba6 Bxh4
54. Bc8 Be7 55. Ne6 Ba4 56. Nf4 Kf6 57. Ba6 Kg5 58. Ne6+ Kf6 59. Bd3 Ke5 60. Nf4
Kf6 61. Bb1 Be8 62. Ne6 Bd7 63. Nf4 Kg5 64. Nh3+ Kh4 65. Nf2 g5 66. Bd3 Bf6 67.
Be2 Bd4 68. Nd3 Bxg4+ {White resigns} 0-1

[Event "Team 45 45 League T74"]
[Site "Internet Chess Club"]
[Date "2017.09.14"]
[Round "1"]
[White "mongmong"]
[Black "GoIrish"]
[Result "0-1"]
[WhiteElo "1468"]
[BlackElo "1521"]
[Opening "King's Indian: fianchetto with ...Nd7"]
[ECO "E67"]
[Time "17:01:10"]
[TimeControl "2700+45"]

1. d4 Nf6 2. Nf3 g6 3. c4 Bg7 4. Nc3 d6 5. g3 O-O 6. Bg2 Nbd7 7. O-O Re8 8. e4
e5 9. h3 b6 10. d5 Nc5 11. Qc2 a5 12. Be3 Bd7 13. Bxc5 bxc5 14. a3 Qc8 15. Kh2
Qa6 16. Nd2 Rab8 17. b4 cxb4 18. axb4 Rxb4 19. Rfb1 Reb8 20. Rxb4 Rxb4 21. Bf1
Qb6 22. Rb1 Qxf2+ 23. Bg2 {White resigns} 0-1

[Event "Team 45 45 League T74"]
[Site "Internet Chess Club"]
[Date "2017.09.17"]
[Round "1"]
[White "ascoli"]
[Black "LookImYourVader"]
[Result "1/2-1/2"]
[WhiteElo "1611"]
[BlackElo "1771"]
[Opening "Scandinavian: Marshall variation"]
[ECO "B01"]
[Time "14:01:18"]
[TimeControl "2700+45"]

1. e4 d5 2. exd5 Nf6 3. d4 Nxd5 4. Nf3 g6 5. Be2 Bg7 6. O-O O-O 7. c4 Nb6 8. Nc3
Bg4 9. Be3 Nc6 10. d5 Bxf3 11. Bxf3 Ne5 12. c5 Nbc4 13. Be2 Nxe3 14. fxe3 c6 15.
e4 Qa5 16. Na4 b5 17. cxb6 axb6 18. Nc3 Rfd8 19. Qb3 cxd5 20. Nxd5 e6 21. Nf4
Rd2 22. Kh1 g5 23. Nxe6 Rxe2 24. Nxg5 Qa4 25. Qh3 h6 26. Nxf7 Nxf7 27. Rxf7 Qxe4
28. Raf1 Rf8 29. Rxf8+ Bxf8 30. Qg3+ Bg7 31. Qb8+ Kh7 32. Qg3 Rxb2 33. a3 Rb1
34. Qf2 Qd3 35. Re1 Rxe1+ 36. Qxe1 Qxa3 37. Qb1+ Kh8 38. Qxb6 Qa2 39. Qd8+ Kh7
40. Qd3+ Kg8 41. Qd8+ Kf7 42. Qd7+ Kf6 43. Qd6+ Kf7 44. Qd7+ Kg8 45. Qe8+ Kh7
46. Qe4+ Kg8 47. Qe8+ Bf8 48. Qg6+ Kh8 49. Qf6+ Bg7 50. Qd8+ {Game drawn by
mutual agreement} 1/2-1/2

[Event "Team 45 45 League T74"]
[Site "Internet Chess Club"]
[Date "2017.09.17"]
[Round "1"]
[White "ColourfulChess"]
[Black "Portola"]
[Result "1-0"]
[WhiteElo "1649"]
[BlackElo "1757"]
[Opening "English: Neo-Catalan declined"]
[ECO "A14"]
[Time "14:00:30"]
[TimeControl "2700+45"]

1. c4 e6 2. g3 d5 3. Bg2 Nf6 4. Nf3 Be7 5. O-O O-O 6. b3 Nbd7 7. Bb2 c5 8. e3 b6
9. Nc3 Bb7 10. Qe2 Re8 11. Rfd1 a6 12. cxd5 exd5 13. d4 Qc7 14. Rac1 Rad8 15.
Ng5 h6 16. Nh3 Nf8 17. Nf4 Ng6 18. Nxg6 fxg6 19. Qc2 Kh7 20. Ne2 Bc8 21. dxc5
bxc5 22. Bxf6 gxf6 23. Rxd5 f5 24. Nf4 Bd6 25. b4 c4 26. Qxc4 Qe7 27. Rd4 Bd7
28. Qxa6 Bxf4 29. Rxf4 Rc8 30. Rfc4 Rxc4 31. Rxc4 Be6 32. Rc6 Bf7 33. Qb6 Rd8
34. Bf3 Rd7 35. a4 Qe5 36. a5 Qa1+ 37. Kg2 Qe5 38. Qc5 Qa1 39. Rc7 Rxc7 40. Qxc7
Kg7 41. Bd5 Qf6 42. Qxf7+ Qxf7 43. Bxf7 Kxf7 44. a6 {Black resigns} 1-0

[Event "Team 45 45 League T74"]
[Site "Internet Chess Club"]
[Date "2017.09.16"]
[Round "1"]
[White "bayoumicardio10"]
[Black "a-man"]
[Result "0-1"]
[WhiteElo "1362"]
[BlackElo "1670"]
[Opening "Sicilian: Nimzovich-Rossolimo attack (with ...g6, without ...d6)"]
[ECO "B31"]
[Time "20:05:27"]
[TimeControl "2700+45"]

1. e4 c5 2. Nf3 Nc6 3. Bb5 g6 4. O-O Bg7 5. Nc3 Nf6 6. Bxc6 bxc6 7. d3 O-O 8.
Nh4 d5 9. e5 Nd7 10. f4 e6 11. Nf3 Qc7 12. Qe1 f6 13. exf6 Nxf6 14. Na4 Qe7 15.
Ne5 Bb7 16. Qa5 Nd7 17. Nxd7 Qxd7 18. Qxc5 e5 19. fxe5 Rxf1+ 20. Kxf1 Rf8+ 21.
Kg1 Bxe5 22. Bh6 Rf7 23. Rf1 Bxh2+ 24. Kxh2 Rxf1 25. Qd4 Rf5 26. Nc5 Rh5+ 27.
Kg1 Qc7 28. Bf4 Qf7 29. Qe5 Rxe5 {White resigns} 0-1

[Event "Team 45 45 League T74"]
[Site "Internet Chess Club"]
[Date "2017.09.18"]
[Round "1"]
[White "RonaldoR"]
[Black "akshayk06"]
[Result "1/2-1/2"]
[WhiteElo "1622"]
[BlackElo "1460"]
[Opening "Philidor: exchange variation"]
[ECO "C41"]
[Time "13:00:36"]
[TimeControl "2700+45"]

1. e4 e5 2. Nf3 d6 3. d4 exd4 4. Nxd4 Nf6 5. Nc3 Be7 6. Be2 O-O 7. O-O Bd7 8. f4
Nc6 9. Be3 Re8 10. Bf3 Nxd4 11. Bxd4 Bc6 12. Qd3 Bf8 13. Rae1 a6 14. Qd2 d5 15.
exd5 Rxe1 16. Rxe1 Nxd5 17. Nxd5 Bxd5 18. Bxd5 Qxd5 19. Qc3 Rd8 20. Be3 h6 21.
Qb3 Qa5 22. c3 Qd5 23. Qxd5 Rxd5 24. Kf2 {Game drawn by mutual agreement}
1/2-1/2

[Event "Team 45 45 League T74"]
[Site "Internet Chess Club"]
[Date "2017.09.17"]
[Round "1"]
[White "Elalfer"]
[Black "moodle"]
[Result "1-0"]
[WhiteElo "1563"]
[BlackElo "1559"]
[Opening "QGD: 4.Bg5 Be7"]
[ECO "D53"]
[Time "11:01:00"]
[TimeControl "2700+45"]

1. d4 d5 2. c4 e6 3. Nc3 Nf6 4. Bg5 Be7 5. Nf3 Nbd7 6. e3 a6 7. Bd3 dxc4 8. Bxc4
b5 9. Bb3 Bb7 10. O-O O-O 11. Bc2 Re8 12. Ne5 h6 13. Bh4 Nxe5 14. dxe5 Nd7 15.
Qd3 Nf8 16. Qxd8 Raxd8 17. Bxe7 Rxe7 18. Rad1 Ree8 19. Rd4 Rxd4 20. exd4 Nd7 21.
b4 Nb6 22. Ne4 Nd7 23. Rc1 Bd5 24. a3 Rb8 25. Bd3 Rb7 26. f4 Kf8 27. Nc5 Nxc5
28. Rxc5 Ke7 29. Kf2 Kd7 30. g4 f6 31. f5 fxe5 32. dxe5 Rb8 33. Kg3 Rf8 34. Kf4
c6 35. h4 exf5 36. gxf5 Kc7 37. Be4 Bxe4 38. Kxe4 Re8 39. e6 Kd6 40. Rc3 Re7 41.
Rd3+ Kc7 42. Ke5 Kc8 43. f6 gxf6+ 44. Kxf6 Re8 45. e7 Kc7 {Black resigns} 1-0

[Event "Team 45 45 League T74"]
[Site "Internet Chess Club"]
[Date "2017.09.16"]
[Round "1"]
[White "EFXBT"]
[Black "Arthurhon"]
[Result "1-0"]
[WhiteElo "1539"]
[BlackElo "1522"]
[Opening "English: symmetrical, Benoni formation"]
[ECO "A31"]
[Time "19:00:32"]
[TimeControl "2700+45"]

1. d4 Nf6 2. c4 c5 3. Nf3 cxd4 4. Nxd4 e5 5. Nb3 Nc6 6. Bg5 Be7 7. e3 d6 8. Nc3
a6 9. Be2 Be6 10. O-O O-O 11. Nd5 Rc8 12. Bxf6 Bxf6 13. Bg4 Qd7 14. Nxf6+ gxf6
15. Nc5 Bxg4 16. Nxd7 Bxd1 17. Nxf8 Bg4 18. h3 Bf5 19. g4 Bxg4 20. hxg4 Kxf8 21.
Rfd1 Ke7 22. Rd2 Nb4 23. a3 Nc6 24. Rad1 Na5 25. Rxd6 Nxc4 26. Rd7+ Ke6 27. b3
Nxa3 28. R1d6# {Black checkmated} 1-0

[Event "Team 45 45 League T74"]
[Site "Internet Chess Club"]
[Date "2017.09.13"]
[Round "1"]
[White "krysto"]
[Black "lovely-14"]
[Result "1-0"]
[WhiteElo "1585"]
[BlackElo "1482"]
[Opening "King's Indian: orthodox, 7...Nbd7"]
[ECO "E94"]
[Time "20:00:30"]
[TimeControl "2700+45"]

1. d4 Nf6 2. c4 g6 3. Nc3 Bg7 4. e4 d6 5. Nf3 O-O 6. Be2 Nbd7 7. O-O e5 8. d5
Nc5 9. Qc2 a5 10. Ne1 Ne8 11. f3 f5 12. Be3 b6 13. Nd3 f4 14. Bf2 h5 15. a3 g5
16. b4 axb4 17. axb4 Rxa1 18. Rxa1 Nxd3 19. Qxd3 g4 20. Ra8 Qd7 21. c5 bxc5 22.
bxc5 gxf3 23. c6 Qd8 24. Bxf3 Nf6 25. Bh4 Qe8 26. Nb5 Qf7 27. Bxf6 Bxf6 28. Qe2
h4 29. Bg4 Bxg4 30. Qxg4+ Qg7 31. Qxg7+ Kxg7 32. Rxf8 Kxf8 33. Nxc7 Ke7 34. h3
Kd8 35. Nb5 Be7 36. Kf2 Kc8 37. Kf3 Kd8 38. Kg4 Kc8 39. Kf5 Kd8 40. Ke6 Bf8 41.
Nxd6 Kc7 42. Nb5+ {Black resigns} 1-0

[Event "Team 45 45 League T74"]
[Site "Internet Chess Club"]
[Date "2017.09.17"]
[Round "1"]
[White "DineshB"]
[Black "gsb13"]
[Result "1-0"]
[WhiteElo "1247"]
[BlackElo "1376"]
[Opening "Giuoco Piano"]
[ECO "C54"]
[Time "10:01:04"]
[TimeControl "2700+45"]

1. e4 e5 2. Nf3 Nc6 3. Bc4 Bc5 4. c3 Nf6 5. d4 exd4 6. cxd4 Bb4+ 7. Bd2 Nxe4 8.
Bxb4 Nxb4 9. Bxf7+ Ke7 10. Qb3 a5 11. a3 a4 12. Qxb4+ Kf6 13. Bd5 Nd6 14. O-O
Re8 15. Nc3 c6 16. Qxd6+ Kf5 17. Bc4 Qf6 18. Bd3+ Kg4 19. Qg3+ Kh5 20. Qh3+ Qh4
21. Qxh4# {Black checkmated} 1-0

[Event "Team 45 45 League T74"]
[Site "Internet Chess Club"]
[Date "2017.09.18"]
[Round "1"]
[White "idjit"]
[Black "RD1974"]
[Result "1/2-1/2"]
[WhiteElo "1637"]
[BlackElo "1587"]
[Opening "French: Albin-Alekhine-Châtard attack"]
[ECO "C13"]
[Time "09:47:38"]
[TimeControl "2700+45"]

1. e4 e6 2. d4 d5 3. Nc3 Nf6 4. Bg5 Be7 5. e5 Nfd7 6. h4 Bxg5 7. hxg5 Qxg5 8.
Nf3 Qe7 9. Qd2 a6 10. Bd3 c5 11. dxc5 Nxc5 12. Rxh7 Nxd3+ 13. Qxd3 Rg8 14. O-O-O
Bd7 15. Rdh1 Nc6 16. Rxg7 Qf8 17. Rxg8 Qxg8 18. Qh7 O-O-O 19. g3 Kc7 20. Ne2 Rf8
21. Qxg8 Rxg8 22. Rh7 Be8 23. Ned4 Kb6 24. Nxc6 bxc6 25. Kd2 c5 26. c3 Kb5 27.
Ke3 Kc4 28. Nd2+ Kb5 29. Kf4 Kc6 30. g4 a5 31. g5 a4 32. Kg4 Kd7 33. f4 Ke7 34.
Kf3 {Game drawn by mutual agreement} 1/2-1/2

[Event "Team 45 45 League T74"]
[Site "Internet Chess Club"]
[Date "2017.09.16"]
[Round "1"]
[White "RonaldoR"]
[Black "noblitz-oblige"]
[Result "1-0"]
[WhiteElo "1632"]
[BlackElo "1429"]
[Opening "Scotch game"]
[ECO "C45"]
[Time "21:03:52"]
[TimeControl "2700+45"]

1. e4 e5 2. Nf3 Nc6 3. d4 exd4 4. Nxd4 Bc5 5. Nxc6 bxc6 6. Bd3 Ne7 7. O-O Ng6 8.
Nc3 O-O 9. Kh1 d6 10. f4 Qh4 11. f5 Ne5 12. Rf4 Qf6 13. Be2 a5 14. Qe1 Ba6 15.
Bxa6 Rxa6 16. Qg3 Bd4 17. Rh4 Rb8 18. Bg5 Bf2 19. Qh3 Qxg5 20. Rxh7 Kf8 21. Rh8+
Ke7 22. Rxb8 Nc4 23. Qh8 {Black resigns} 1-0

[Event "Team 45 45 League T74"]
[Site "Internet Chess Club"]
[Date "2017.09.16"]
[Round "1"]
[White "chesskix"]
[Black "Bible-Believer"]
[Result "1-0"]
[WhiteElo "1412"]
[BlackElo "1379"]
[Opening "QGD: 4.Nf3"]
[ECO "D37"]
[Time "14:01:31"]
[TimeControl "2700+45"]

1. d4 d5 2. c4 e6 3. Nc3 Nf6 4. Nf3 Be7 5. e3 O-O 6. Bd2 b6 7. a3 Bb7 8. b4 Nbd7
9. c5 Re8 10. Rb1 e5 11. dxe5 Nxe5 12. Nxe5 Bf8 13. Nf3 d4 14. Nb5 dxe3 15. Bxe3
Qe7 16. Qb3 Ng4 17. Rb2 Nxe3 18. fxe3 g6 19. Bc4 Bg7 20. Re2 Bxf3 21. gxf3 Qh4+
22. Kd1 Rad8+ 23. Kc2 Re7 24. Nxa7 Qh5 25. Rf1 Qf5+ 26. Bd3 Qd7 27. Bb5 Qf5+ 28.
e4 Qf4 29. Rd1 Ra8 30. Nc6 Re6 31. Rd8+ Rxd8 32. Nxd8 Bh6 33. Nxe6 Qc1+ 34. Kd3
{Black resigns} 1-0

[Event "Team 45 45 League T74"]
[Site "Internet Chess Club"]
[Date "2017.09.17"]
[Round "1"]
[White "oldmastermind"]
[Black "kingsrook"]
[Result "1-0"]
[WhiteElo "1311"]
[BlackElo "1214"]
[Opening "Sicilian defense"]
[ECO "B40"]
[Time "14:00:31"]
[TimeControl "2700+45"]

1. e4 c5 2. Nf3 e6 3. c3 d5 4. Bb5+ Bd7 5. Bxd7+ Qxd7 6. exd5 Qxd5 7. O-O Nf6 8.
d4 Bd6 9. Be3 O-O 10. dxc5 Qxd1 11. Rxd1 Bc7 12. Na3 Nc6 13. Nc4 Nd5 14. Nd4
Nxe3 15. Nxe3 Rfd8 16. Nxc6 bxc6 17. Rxd8+ Rxd8 18. Rd1 Rxd1+ 19. Nxd1 Bf4 20.
g3 Bc1 21. Kf1 Kf8 22. Ke2 Ke7 23. Kd3 Kf6 24. b4 Ke5 25. a4 Ba3 26. Ne3 a6 27.
Nc4+ Kd5 28. Nxa3 f5 29. c4+ Ke5 30. b5 cxb5 31. f4+ Kf6 32. cxb5 axb5 33. Nxb5
Ke7 34. Kd4 Kd7 35. Ke5 Kc6 36. Kxe6 Kxc5 37. Kxf5 Kb4 38. Ke6 Kxa4 39. Nd6 Kb4
40. Kf7 Kc5 41. Ne8 g6 42. Nf6 {Black resigns} 1-0

[Event "Team 45 45 League T74"]
[Site "Internet Chess Club"]
[Date "2017.09.17"]
[Round "1"]
[White "Constrictor"]
[Black "kabindra"]
[Result "0-1"]
[WhiteElo "1484"]
[BlackElo "1656"]
[Opening "Réti opening"]
[ECO "A05"]
[Time "17:00:39"]
[TimeControl "2700+45"]

1. Nf3 Nf6 2. b4 g6 3. Bb2 Bg7 4. e3 d6 5. c4 e5 6. Be2 O-O 7. O-O Bf5 8. d3 a6
9. a4 Nc6 10. b5 axb5 11. axb5 Rxa1 12. Bxa1 Nb4 13. Qb3 Qa8 14. Bxe5 dxe5 15.
Qxb4 e4 16. dxe4 Nxe4 17. Nd4 Bxd4 18. exd4 Qa1 19. d5 Qd4 20. Qe7 Ra8 21. Qxc7
Ra1 22. Qf4 Qb2 23. Qc1 Qxe2 24. f3 Rxb1 25. Qxb1 Qe3+ 26. Kh1 Nf2+ {White
resigns} 0-1

[Event "Team 45 45 League T74"]
[Site "Internet Chess Club"]
[Date "2017.09.17"]
[Round "1"]
[White "drsigmund1"]
[Black "stanbeers"]
[Result "1/2-1/2"]
[WhiteElo "1435"]
[BlackElo "1303"]
[Opening "Queen's Pawn"]
[ECO "A41"]
[Time "20:00:51"]
[TimeControl "2700+45"]

1. d4 d6 2. Bf4 Nd7 3. e3 Ngf6 4. Nf3 h6 5. h3 Nh5 6. Bh2 e6 7. Bd3 Nhf6 8. Nbd2
Be7 9. O-O O-O 10. a4 Re8 11. Bb5 c6 12. Bd3 Bf8 13. e4 e5 14. c3 Qc7 15. Qb3
Nb6 16. dxe5 dxe5 17. Nxe5 Rxe5 18. Nf3 Be6 19. Qc2 Bd6 20. Nxe5 Bxe5 21. f4
Nbd7 22. fxe5 Nxe5 23. Rad1 Qb6+ 24. Qf2 Qxf2+ 25. Rxf2 Nxd3 26. Rxd3 Nxe4 27.
Re2 Bc4 28. Rxe4 Bxd3 29. Rd4 Bf5 30. Bc7 Rc8 31. Rd8+ Rxd8 32. Bxd8 Kh7 33. a5
a6 34. Kf2 Kg6 35. Ke3 Be6 36. Kf4 f6 37. g4 Kf7 38. h4 g6 39. g5 hxg5+ 40. hxg5
f5 41. Bf6 Ke8 42. Ke5 Kd7 43. b4 Bd5 44. Kd4 Be6 {Game drawn by mutual
agreement} 1/2-1/2

[Event "Team 45 45 League T74"]
[Site "Internet Chess Club"]
[Date "2017.09.16"]
[Round "1"]
[White "rkaebi"]
[Black "olivermx"]
[Result "1-0"]
[WhiteElo "1391"]
[BlackElo "1314"]
[Opening "Réti opening"]
[ECO "A04"]
[Time "12:15:54"]
[TimeControl "2700+45"]

1. Nf3 Nc6 2. g3 Nf6 3. Bg2 e5 4. d3 Bc5 5. O-O O-O 6. e4 d6 7. Nc3 Be6 8. b3
Qd7 9. Bb2 Nd4 10. Nxd4 Bxd4 11. Na4 Bxb2 12. Nxb2 b5 13. d4 Rab8 14. dxe5 dxe5
15. a4 b4 16. Qxd7 Nxd7 17. Rad1 Rfd8 18. f3 a5 19. Rf2 Nf8 20. Rfd2 Rxd2 21.
Rxd2 Nd7 22. Bf1 Rb6 23. Nc4 Ra6 24. Nxe5 Rd6 25. Rxd6 cxd6 26. Nc6 d5 27. exd5
{Black resigns} 1-0

[Event "Team 45 45 League T74"]
[Site "Internet Chess Club"]
[Date "2017.09.16"]
[Round "1"]
[White "kabubi"]
[Black "dabodhi"]
[Result "0-1"]
[WhiteElo "1195"]
[BlackElo "1320"]
[Opening "French defense"]
[ECO "C00"]
[Time "14:06:43"]
[TimeControl "2700+45"]

1. e4 e6 2. Nf3 d5 3. d3 c5 4. Nbd2 Nc6 5. g3 Bd6 6. Bg2 Nge7 7. O-O O-O 8. c3
f6 9. Qe2 e5 10. h3 d4 11. c4 a5 12. Kh2 a4 13. a3 Na5 14. Re1 Bd7 15. Qd1 b5
16. b3 Qc7 17. Rb1 bxc4 18. bxc4 Rfb8 19. Nh4 Rxb1 20. Nxb1 Rb8 21. Nd2 Rb6 22.
Qf3 Nb3 23. Qd1 Qb7 24. Bf3 Nxd2 25. Qxd2 Rb1 26. Bd1 Bc7 27. Bc2 Rb6 28. Qa5
Ra6 29. Qxc5 Bd6 {White resigns} 0-1

[Event "Team 45 45 League T74"]
[Site "Internet Chess Club"]
[Date "2017.09.14"]
[Round "1"]
[White "crazyhorses"]
[Black "rubo"]
[Result "1-0"]
[WhiteElo "1468"]
[BlackElo "1514"]
[Opening "Caro-Kann: two knights variation"]
[ECO "B10"]
[Time "14:00:23"]
[TimeControl "2700+45"]

1. e4 c6 2. Nf3 d5 3. Nc3 dxe4 4. Nxe4 Nd7 5. d4 Ngf6 6. Ng3 e6 7. c3 Qc7 8. Bd3
Be7 9. O-O O-O 10. Re1 Bd6 11. b3 h6 12. Qc2 Nd5 13. Ne4 Be7 14. g3 N7f6 15.
Nxf6+ Nxf6 16. Bf4 Bd6 17. Bxd6 Qxd6 18. Bf1 b6 19. Bg2 Bb7 20. Rad1 c5 21. dxc5
Qxc5 22. Qd3 Rad8 23. Qxd8 Rxd8 24. Rxd8+ Kh7 25. Ne5 Qxc3 26. Rdd1 Bxg2 27.
Kxg2 Qc7 28. Rc1 Qb7+ 29. Kg1 g6 30. Re2 Kg7 31. Rec2 Nd5 32. h4 h5 33. Rc8 Kf6
34. f4 Ne3 35. Kf2 Nd5 36. Rf8 Kg7 37. Rxf7+ Qxf7 38. Nxf7 Kxf7 39. Rc8 a5 40.
Kf3 Nb4 41. Rb8 Nd5 42. Ke4 Kf6 43. a4 Nc3+ 44. Kd4 Nd5 45. Kc4 Kf5 46. Kb5 Kg4
47. Rxb6 Kxg3 48. Kxa5 Nxf4 49. Kb5 e5 50. a5 e4 51. a6 e3 52. Rb8 Nd5 53. Rc8
e2 54. Rc1 Kf2 55. a7 Nc3+ 56. Kc6 Nd1 57. Rc2 Kf3 58. Rxe2 Kxe2 59. a8=Q Kf3
60. Qd8 Nf2 61. b4 Ne4 62. b5 Kg4 63. Qd4 Kf5 64. b6 g5 65. hxg5 Nxg5 66. b7 Nf3
67. Qd7+ Kf4 68. b8=Q+ Ke3 69. Qb3+ Kf2 70. Qf5 {Black resigns} 1-0

[Event "Team 45 45 League T74"]
[Site "Internet Chess Club"]
[Date "2017.09.18"]
[Round "1"]
[White "nosir"]
[Black "limeinthecoke"]
[Result "0-1"]
[WhiteElo "1454"]
[BlackElo "1436"]
[Opening "Queen's pawn"]
[ECO "A40"]
[Time "18:00:40"]
[TimeControl "2700+45"]

1. d4 e6 2. Bf4 f5 3. e3 Nf6 4. c3 d6 5. Nd2 Nc6 6. Bd3 e5 7. dxe5 dxe5 8. Bxe5
Nxe5 9. Be2 Be6 10. Qc2 g6 11. Rd1 Qe7 12. Ngf3 Nxf3+ 13. Bxf3 O-O-O 14. O-O Kb8
15. a4 Nd7 16. b4 Ne5 17. Be2 Bg7 18. Rb1 Rd6 19. c4 Rhd8 20. Rfd1 h5 21. c5 Rd5
22. Rbc1 c6 23. h3 Nd3 24. Bxd3 Rxd3 25. Kf1 Qd7 26. Ke2 Bc3 27. Nb1 Bc4 {White
resigns} 0-1

[Event "Team 45 45 League T74"]
[Site "Internet Chess Club"]
[Date "2017.09.15"]
[Round "1"]
[White "Pawnchain"]
[Black "zethhon"]
[Result "0-1"]
[WhiteElo "1432"]
[BlackElo "1427"]
[Opening "Sicilian: closed"]
[ECO "B23"]
[Time "08:00:12"]
[TimeControl "2700+45"]

1. e4 c5 2. Nc3 e6 3. f4 d6 4. Nf3 Nc6 5. Bb5 Bd7 6. Bxc6 Bxc6 7. d3 Nf6 8. O-O
Be7 9. Qe1 O-O 10. Bd2 Qc7 11. Qe2 b5 12. b3 Qb6 13. Kh1 a5 14. f5 exf5 15. exf5
b4 16. Nd1 Rfe8 17. Qf2 Rad8 18. Ne3 d5 19. a4 Nd7 20. Ng4 Nf6 21. Nxf6+ Bxf6
22. Rae1 Bd7 23. Ng5 h6 24. Nh3 Bd4 25. Qg3 Rxe1 26. Rxe1 Kh8 27. Qf3 Qd6 28.
Bf4 Qc6 29. Bd2 Re8 30. Rxe8+ Bxe8 31. Nf4 Qd6 32. Qxd5 Qxd5 33. Nxd5 Bd7 34. f6
g6 35. h3 Be6 36. Nf4 Bd7 37. Nd5 Bc6 38. Ne7 Bb7 39. Nxg6+ fxg6 40. f7 Kg7 41.
Bxh6+ Kxf7 42. Kh2 Kf6 43. Bf4 Be5 44. Bxe5+ Kxe5 45. Kg3 Kd4 {White resigns}
0-1

[Event "Team 45 45 League T74"]
[Site "Internet Chess Club"]
[Date "2017.09.19"]
[Round "1"]
[White "g8wrb"]
[Black "QuimCatala"]
[Result "1-0"]
[WhiteElo "1218"]
[BlackElo "1321"]
[Opening "Sicilian: Alapin's variation (2.c3)"]
[ECO "B22"]
[Time "13:04:15"]
[TimeControl "2700+45"]

1. e4 c5 2. c3 e5 3. d4 cxd4 4. cxd4 exd4 5. Qxd4 d6 6. Bb5+ Bd7 7. Nc3 Bxb5 8.
Nxb5 Nc6 9. Qd3 Nf6 10. Bd2 Be7 11. Nf3 O-O 12. O-O Ne5 13. Nxe5 dxe5 14. Qxd8
Bxd8 15. Rfe1 a6 16. Nc3 Ba5 17. a3 Rad8 18. b4 Bxb4 19. axb4 Rxd2 20. f3 Nh5
21. Rad1 Rfd8 22. Nd5 Nf6 23. Rxd2 Nxd5 24. Rxd5 Re8 25. Red1 f6 26. Rd8 Kf7 27.
Rxe8 Kxe8 28. Rd5 Ke7 29. Kf2 b5 30. Ke2 Ke6 31. Kd3 f5 32. Rd8 f4 33. Ra8 a5
34. Rxa5 Kd6 35. Rxb5 g5 36. Rc5 h5 37. Rc2 g4 38. fxg4 hxg4 39. b5 f3 40. gxf3
gxf3 41. Ke3 f2 42. Kxf2 {Black resigns} 1-0